 Dungeon Crawl Stone Soup version 0.30.0-29-ga12c61a403 (webtiles) character file.

Game seed: 12356473458217425818

165 cdecastro the Ruffian (level 5, -2/40 HPs)
             Began as a Draconian Transmuter on June 19, 2023.
             Slain by Grinder (7 damage)
             ... on level 3 of the Dungeon.
             The game lasted 00:04:56 (2046 turns).

cdecastro the Ruffian (Draconian Transmuter)        Turns: 2046, Time: 00:04:57

Health: -2/40      AC:  5    Str: 12    XL:     5   Next: 21%
Magic:  0/8        EV: 12    Int: 16    God:
Gold:   205        SH:  0    Dex: 11    Spells: 2/8 levels left

rFire   . .          .
                       - Unarmed
rCold   . . .        (no shield)
rNeg    . . .        (body armour unavailable)
rPois   .            (helmet currently unavailable)
rElec   .            (no cloak)
rCorr   .            (no gloves)
SInv    .            (boots currently unavailable)
Will    .....        n - amulet of guardian spirit
Stlth   +            (no ring)
HPRegen 0.26/turn    (no ring)
MPRegen 0.11/turn

%: guardian spirit
@: appendages
A: horns 2, talons 2, AC +5, unfitting armour, cold-blooded
a: End Transformation


You were on level 3 of the Dungeon.
You had temporarily grown beastly horns and talons.
You visited 1 branch of the dungeon, and saw 3 of its levels.

You collected 205 gold pieces.

Inventory:

Jewellery
 n - an amulet of guardian spirit (around neck)
 q - an amulet of faith
Scrolls
 b - 2 scrolls of poison {unknown}
 c - a scroll of enchant armour {unknown}
 e - 2 scrolls of teleportation {unknown}
 h - a scroll of identify {unknown}
 j - a scroll of magic mapping {unknown}
 o - a scroll of silence {unknown}
 p - 2 scrolls of enchant weapon {unknown}
 r - a scroll of noise {unknown}
 s - a scroll of fog {unknown}
 u - a scroll of summoning {unknown}
 v - 3 scrolls of amnesia {unknown}
Potions
 a - a potion of lignification
 d - 2 potions of brilliance {unknown}
 f - a potion of flight {unknown}
 g - a potion of haste {unknown}
 i - a potion of berserk rage {unknown}
 k - a potion of curing {unknown}
 l - a potion of invisibility
 m - a potion of heal wounds {unknown}
 t - 2 potions of ambrosia {unknown}


   Skills:
 - Level 1.1 Fighting
 - Level 1.7 Dodging
 + Level 4.7 Unarmed Combat
 - Level 2.0 Spellcasting
 + Level 4.1 Transmutations


You had 2 spell levels left.
You knew the following spells:

 Your Spells              Type           Power      Damage    Failure   Level
a - Beastly Appendage     Tmut           28%        N/A       3%          1
b - Wereblood             Tmut           14%        N/A       6%          2
c - Spider Form           Tmut/Pois      8%         N/A       26%         3

Your spell library contained the following spells:

 Spells                   Type           Power      Damage    Failure   Level
 Ice Form                 Ice/Tmut       8%         N/A       65%         4
 Petrify                  Tmut/Erth      8%         N/A       65%         4
 Metabolic Englaciation   Hex/Ice        0%         N/A       99%         5
 Statue Form              Tmut/Erth      5%         N/A       100%        6


Dungeon Overview and Level Annotations

Branches:
Dungeon (3/15)

Altars:
Qazlal
Uskayaw

Annotations:
D:2 Natasha
D:3 Grinder


Innate Abilities, Weirdness & Mutations

You have temporarily grown beastly horns and talons.
Your plain brown scales are hard. (AC +5)
You cannot fit into any form of body armour.
You are cold-blooded and may be slowed by cold attacks.


Message History

Your transformation is almost over.
Your horns disappear.
Your talons disappear.
Found a stone staircase leading down.
You now have 193 gold pieces (gained 7).
Found a hide-covered altar of Uskayaw.
Found a club.
You now have 205 gold pieces (gained 12).
You open the door.
Grinder comes into view.
Grinder moves out of view.
There is an open door here.
Unknown command.
Casting: Beastly Appendage (safe; 3% risk of failure)
Press: ? - help, Q - select action, (/) - cycle Dir - look around, f - activate You grow a pair of large bovine horns.
Your feet morph into talons.
Grinder hits you.
You writhe in agony.
You hit Grinder.
Your tail-slap misses Grinder.
Grinder is lightly wounded.
Grinder hits you!
You writhe in agony.
You hit Grinder but do no damage. You headbutt Grinder!
Grinder is heavily wounded.
Grinder says, "DUCK!"
Grinder gestures at you. Pain shoots through your body!
* * * LOW HITPOINT WARNING * * *
You barely miss Grinder. Your kick misses Grinder.
You tail-slap Grinder, but do no damage.
Grinder is heavily wounded.
Grinder misses you.
You hit Grinder. Your kick misses Grinder.
Grinder is heavily wounded.
Grinder hits you.
* * * LOW HITPOINT WARNING * * *
You writhe in agony.
* * * LOW HITPOINT WARNING * * *
You aren't carrying any items that you can evoke.
You barely miss Grinder.
Grinder is heavily wounded.
Grinder hits you!
You die...

#.....##................#
#.
.......#................#
#.
.......#................#
#.
.......#................#
#.
.......#................#
#.
.......#................#
#.
.......#...#.############
#. .......'...5........#
#. .......#...#@########
#. .......#...#.#
.......#####.# ...5...
### ....... .......
#######


You could see Grinder.

Vanquished Creatures
  A jelly (D:3)
  Natasha (D:2)
  3 adders (D:2)
  3 dart slugs
  4 orcs (D:3)
  3 bats
  2 endoplasms (D:2)
  3 giant cockroaches (D:1)
  6 goblins
  7 hobgoblins
  5 jackals (D:2)
  2 kobolds (D:1)
  4 quokkas
  8 ball pythons
  2 frilled lizards
  23 rats
77 creatures vanquished.

Notes
Turn   | Place    | Note
-------+----------+-------------------------------------------
     0 | D:1      | cdecastro the Draconian Transmuter began the quest for the
                  | Orb.
     0 | D:1      | Reached XP level 1. HP: 16/16 MP: 3/3
   109 | D:1      | Reached XP level 2. HP: 15/23 MP: 1/5
   216 | D:1      | Found a faded altar of an unknown god.
   551 | D:1      | Reached XP level 3. HP: 28/28 MP: 4/6
  1010 | D:2      | Reached XP level 4. HP: 35/35 MP: 7/7
  1143 | D:2      | Noticed Natasha
  1152 | D:2      | Killed Natasha
  1178 | D:2      | Found a stormy altar of Qazlal.
  1464 | D:2      | Noticed Natasha
  1591 | D:2      | Learned a level 2 spell: Wereblood
  1595 | D:2      | Learned a level 3 spell: Spider Form
  1919 | D:3      | Reached XP level 5. HP: 24/40 MP: 2/8
  1995 | D:3      | Found a hide-covered altar of Uskayaw.
  2030 | D:3      | Noticed Grinder
  2046 | D:3      | Slain by Grinder

Illustrated notes

Levels and vault maps discovered:
D:1:      tarquinn_simple_flora_water_a, layout_rooms,
          ebering_ecumenical_altar_sacrificial, minmay_heptomino_l4
D:2:      layout_loops_cross, basic_altar, minmay_rat_hole, uniq_natasha
D:3:      layout_basic, mainiacjoe_overflow_alcove_2,
          ebering_ghost_disaster_area, wad_orctagon, uniq_grinder

Skill      XL: |  1  2  3  4 |
---------------+-------------+-----
Transmutations | 3 4 |  4.1
Unarmed Combat | 4 |  4.7
Fighting       | |  1.1
Dodging        | |  1.7
Spellcasting   | |  2.0

Action                     |  1- 3 |  4- 6 || total
---------------------------+-------+-------++-------
  Melee: Unarmed           |   117 |    92 ||   209
         Headbutt          |     8 |     6 ||    14
         Tailslap          |    10 |     7 ||    17
         Kick              |    17 |    16 ||    33
         Punch             |     1 |     3 ||     4
   Cast: Beastly Appendage |    20 |    14 ||    34
 Armour: Skin              |    50 |    25 ||    75
  Dodge: Dodged            |    71 |    45 ||   116
